 Dungeon Crawl Stone Soup version 0.20.1-1-g8b1a95d (webtiles) character file.

4501 ChromeMolly the Covert (level 10, -2/66 HPs)
             Began as an Octopode Fighter on Oct 11, 2017.
             Was a Believer of Dithmenos.
             Slain by an unseen horror (6 damage)
             ... on level 10 of the Dungeon.
             The game lasted 00:51:48 (7425 turns).

ChromeMolly the Covert (Octopode Fighter)           Turns: 7425, Time: 00:51:49

Health: -2/66      AC:  1    Str: 15      XL:     10   Next: 38%
Magic:  10/10      EV: 12    Int: 11      God:    Dithmenos [**....]
Gold:   20         SH: 15    Dex: 13 (15) Spells: 8/9 levels left

rFire    . . .     SeeInvis .   u - +3 dagger (protect)
rCold    . . .     Gourm    .   y - +1 large shield {rN+}
rNeg     + . .     Faith    .   (helmet restricted)
rPois    .         Spirit   .   (no amulet)
rElec    .         Reflect  .   (no ring)
rCorr    .         Harm     .   (no ring)
MR       .....                  (no ring)
Stlth    ++++++++..             (no ring)
Regen    0.3/turn               (no ring)
MPRegen  0.2/turn               (no ring)
                                (no ring)
                                (no ring)

@: lethally poisoned (-2 -> -3), about to teleport, wreathed by umbra
A: almost no armour, stealthy swim, amphibious, 8 rings, constrict 8, camouflage
1, gelatinous body 1
a: Shadow Step, Renounce Religion


You were on level 10 of the Dungeon.
You worshipped Dithmenos.
Dithmenos was pleased with you.
You were not hungry.

You visited 1 branch of the dungeon, and saw 9 of its levels.

You collected 360 gold pieces.
You spent 340 gold pieces at shops.

Inventory:

Hand Weapons
 a - a +0 war axe of freezing
 u - a +3 dagger of protection (weapon)
Missiles
 c - 15 tomahawks (quivered)
 f - 2 javelins of returning
Armour
 b - a +1 shield
 y - a +1 large shield of positive energy (worn)
Wands
 q - a wand of acid (8/15)
Scrolls
 i - a scroll of teleportation
 r - a scroll of remove curse
 z - a scroll of amnesia
Potions
 d - 3 potions of mutation
 e - a potion of cancellation
 g - a potion of ambrosia
 l - a potion of brilliance
 m - a potion of magic
 t - 2 potions of resistance
Books
 j - a book of Debilitation

   Spells                             Type                      Level
   a - Corona                         Hexes                        1
   b - Slow                           Hexes                        2
   c - Inner Flame                    Hexes/Fire                   3
   d - Portal Projectile              Hexes/Translocation          3
   e - Cause Fear                     Hexes                        4
   f - Leda's Liquefaction            Hexes/Earth                  4
Comestibles
 n - 2 bread rations
 p - 2 royal jellies
 w - a meat ration


   Skills:
 + Level 5.3 Fighting
 + Level 5.7 Short Blades
 + Level 3.1 Axes
 + Level 1.7 Throwing
 + Level 6.1 Dodging
 * Level 13.3 Stealth
 + Level 6.4 Shields


You had 8 spell levels left.
You knew the following spells:

 Your Spells              Type           Power        Failure   Level  Hunger
a - Corona                Hex            #......      98%         1    ##.....


Dungeon Overview and Level Annotations

Branches:
Dungeon (8/15)             Temple (0/1) D:7
   Lair: D:8-11

Altars:
Ashenzari
Cheibriados
Dithmenos
Elyvilon
Fedhas
Makhleb
Nemelex Xobeh
Qazlal
Ru
Sif Muna
Uskayaw

Shops:
D:5 ?   D:6 %   D:7 [?*

Annotations:
D:8 Maurice


Innate Abilities, Weirdness & Mutations

You cannot wear most types of armour.
You are very stealthy in the water. (Stealth+)
You are amphibious.
You can wear up to eight rings at the same time.
You can use your tentacles to constrict eight enemies at once.
Your skin changes colour to match your surroundings (Stealth+).
Your rubbery body absorbs attacks. (AC +1, EV +1)


Message History

The wraith is moderately damaged.
Something hits you! Something hits you but does no damage. The wraith hits you.
You closely miss the wraith. Your squeeze misses the wraith.
The wraith is moderately damaged.
You feel sick. Something hits you!
* * * LOW HITPOINT WARNING * * *
Something hits you.
* * * LOW HITPOINT WARNING * * *
You block something's attack.
As you read the scroll of teleportation, it crumbles to dust.
You feel strangely unstable. Something hits you!
* * * LOW HITPOINT WARNING * * *
Something hits you but does no damage. You block the wraith's attack.
Something hits you.
* * * LOW HITPOINT WARNING * * *
You see here 2 stones.
Something hits you but does no damage.
You see here a royal jelly.
You feel sick. Something hits you.
You die...

... #.#### #...#
...####....#
#.$.##
..........#
#....#
#........#
#....# #
#........#
#....#.#
#........#
#......#
#..(..W(.###...#
#...@%(((......#
########.##.##(#
#..?..#.#
#######.. ####


You could see a wraith.

Vanquished Creatures
  A two-headed ogre (D:7)
  Joseph (D:7)
  A hippogriff (D:7)
  2 yaks (D:7)
  A basilisk (D:8)
  2 water moccasins (D:7)
  3 orc warriors
  3 porcupines (D:8)
  A sky beast (D:8)
  2 ogres
  2 centaurs
  A crocodile (D:7)
  2 big kobolds
  Blork the orc (D:4)
  3 bullfrogs
  3 killer bees (D:8)
  A howler monkey (D:4)
  2 centaur zombies
  3 crimson imps (D:7)
  3 hounds
  5 orc priests
  A jelly (D:6)
  2 centaur skeletons
  7 orc wizards
  2 iguanas
  5 worker ants
  A killer bee zombie (D:7)
  A hound skeleton (D:7)
  A mummy (D:7)
  A worker ant zombie (D:5)
  4 adders
  4 gnolls (D:4)
  A shadow imp (D:4)
  A worm (D:2)
  A dart slug (D:3)
  3 leopard geckos
  30 orcs
  5 ball pythons
  3 giant cockroaches
  11 goblins
  4 hobgoblins
  6 jackals
  A quokka (D:8)
  5 bats
  6 frilled lizards
  12 kobolds
  A leopard gecko skeleton (D:7)
  6 rats
168 creatures vanquished.

Vanquished Creatures (others)
  3 bushes (D:8)
  3 fungi (D:8)
  13 plants (D:8)
19 creatures vanquished.

Grand Total: 187 creatures vanquished

Notes
Turn   | Place    | Note
-------+----------+-------------------------------------------
     0 | D:1      | ChromeMolly the Octopode Fighter began the quest for the Orb.
     0 | D:1      | Reached XP level 1. HP: 16/16 MP: 1/1
   150 | D:1      | Reached XP level 2. HP: 14/21 MP: 2/2
   388 | D:1      | Reached skill level 1 in Stealth
   738 | D:2      | Reached XP level 3. HP: 26/26 MP: 3/3
   954 | D:2      | Found a sparkling altar of Nemelex Xobeh.
   974 | D:2      | Noticed a dagger
   974 | D:2      | Found a hide-covered altar of Uskayaw.
   975 | D:2      | Noticed a dagger
   979 | D:2      | Reached skill level 2 in Stealth
  1146 | D:2      | Found a burning altar of Makhleb.
  1250 | D:3      | Found a white marble altar of Elyvilon.
  1371 | D:3      | Reached XP level 4. HP: 29/31 MP: 4/4
  1901 | D:3      | Reached skill level 1 in Throwing
  1998 | D:4      | Reached skill level 3 in Stealth
  2027 | D:4      | Reached skill level 1 in Short Blades
  2027 | D:4      | Reached XP level 5. HP: 36/36 MP: 5/5
  2091 | D:4      | You fall through a shaft for 3 floors!
  2091 | D:7      | Noticed Joseph
  2101 | D:7      | Reached skill level 4 in Stealth
  2109 | D:7      | Killed Joseph
  2109 | D:7      | Reached skill level 7 in Stealth
  2109 | D:7      | Reached XP level 6. HP: 14/42 MP: 6/6
  2109 | D:7      | Reached XP level 7. HP: 16/46 MP: 7/7
  2369 | D:5      | Entered Level 5 of the Dungeon
  2493 | D:4      | Reached skill level 8 in Stealth
  2671 | D:4      | Noticed Blork the orc
  2680 | D:4      | Killed Blork the orc
  2785 | D:4      | Found a shadowy altar of Dithmenos.
  2793 | D:4      | Became a worshipper of Dithmenos the Shadowed
  3099 | D:5      | Found a deep blue altar of Sif Muna.
  3118 | D:5      | Found a shattered altar of Ashenzari.
  3141 | D:5      | Found a blossoming altar of Fedhas.
  3159 | D:5      | Found a stormy altar of Qazlal.
  3490 | D:5      | Reached skill level 9 in Stealth
  3490 | D:5      | Reached XP level 8. HP: 25/54 MP: 8/8
  3695 | D:5      | Found Cehasch's Magic Scroll Emporium.
  3724 | D:5      | Bought a scroll of enchant weapon for 82 gold pieces
  3724 | D:5      | Bought a scroll of immolation for 38 gold pieces
  3891 | D:6      | Learned a level 1 spell: Corona
  4284 | D:6      | Found Larghorow's Food Shop.
  4391 | D:7      | Found a sacrificial altar of Ru.
  4426 | D:7      | Noticed a hippogriff
  4429 | D:7      | Killed a hippogriff
  4451 | D:7      | Reached skill level 10 in Stealth
  4691 | D:7      | Reached XP level 9. HP: 59/59 MP: 9/9
  4735 | D:7      | Reached skill level 5 in Dodging
  4735 | D:7      | Reached skill level 11 in Stealth
  4769 | D:7      | Identified a scroll of acquirement
  4968 | D:5      | Bought a scroll of brand weapon for 220 gold pieces
  5332 | D:7      | Found Beang's General Store.
  5375 | D:7      | Found Betafopp's Magic Scroll Boutique.
  5385 | D:7      | Reached * piety under Dithmenos
  5385 | D:7      | Reached skill level 12 in Stealth
  5444 | D:7      | Found Jyitim's Armour Boutique.
  5536 | D:7      | Found a snail-covered altar of Cheibriados.
  5627 | D:7      | Found a staircase to the Ecumenical Temple.
  5889 | D:8      | Noticed a two-headed ogre
  5896 | D:8      | Noticed a two-headed ogre
  5906 | D:8      | Noticed Maurice
  5906 | D:8      | Noticed a two-headed ogre
  6140 | D:8      | HP: 2/59 [crocodile (3)]
  6447 | D:7      | Reached skill level 5 in Shields
  6557 | D:8      | Reached skill level 5 in Short Blades
  6670 | D:8      | Reached ** piety under Dithmenos
  6675 | D:8      | Reached XP level 10. HP: 38/65 MP: 10/10
  6751 | D:8      | Reached skill level 5 in Fighting
  6869 | D:7      | Killed a two-headed ogre
  6869 | D:7      | Reached skill level 13 in Stealth
  7397 | D:7      | You fall through a shaft for 3 floors!
  7397 | D:10     | Entered Level 10 of the Dungeon
  7425 | D:10     | Slain by an unseen horror

Skill      XL: |  1  2  3  4  5  6  7  8  9 10 |
---------------+-------------------------------+-----
Stealth        | 1 2 3 7 9 10 12 13 | 13.3
Throwing       | 1 |  1.7
Short Blades   | 1 2 3 5 |  5.7
Axes           | 3 |  3.1
Dodging        | 4 5 6 |  6.1
Shields        | 4 5 6 |  6.4
Fighting       | 4 5 |  5.3

Action                   |  1- 3 |  4- 6 |  7- 9 | 10-12 || total
-------------------------+-------+-------+-------+-------++-------
Melee: War axe           |    56 |       |       |       ||    56
       Constrict         |    20 |    11 |    53 |     5 ||    89
       Tentacles         |    10 |     6 |    74 |    27 ||   117
       Dagger            |    11 |    37 |   294 |    92 ||   434
Throw: Stone             |    10 |       |       |       ||    10
       Tomahawk          |       |       |    10 |    13 ||    23
Evoke: Wand              |       |       |       |     1 ||     1
  Use: Scroll            |     6 |     5 |    16 |     1 ||    28
       Potion            |       |     2 |     3 |     5 ||    10
 Stab: Sleeping          |    10 |     5 |    26 |       ||    41
  Eat: Bread ration      |     2 |       |     1 |       ||     3
       Fruit             |       |       |     8 |       ||     8
       Royal jelly       |       |       |     1 |       ||     1
Armor: Skin              |     8 |     5 |    39 |    21 ||    73
Dodge: Dodged            |    22 |    12 |    89 |    32 ||   155
Block: Shield            |    21 |    12 |    28 |       ||    61
       Large shield      |       |       |   116 |    73 ||   189
